 Dungeon Crawl Stone Soup version 0.28-a0-1510-gd0f6b136d3 (webtiles) character file.

Game seed: 12004077716592120325

336 demibob the Ruffian (level 6, -2/59 HPs)
             Began as a Troll Chaos Knight on Jan 15, 2022.
             Was a Plaything of Xom.
             Slain by a killer bee (4 damage)
             ... on level 4 of the Dungeon.
             The game lasted 00:03:14 (2076 turns).

demibob the Ruffian (Troll Chaos Knight)            Turns: 2076, Time: 00:03:15

Health: -2/59      AC:  6    Str: 21    XL:     6   Next: 28%
Magic:  5/5        EV:  6    Int: 10    God:    Xom [.*....]
Gold:   79         SH: 12    Dex:  9    Spells: 5/5 levels left

rFire   . . .      SeeInvis .     - Unarmed
rCold   . . .      Faith    .   f - +2 tower shield
rNeg    . . .      Spirit   .   a - +2 robe
rPois   .          Reflect  .   (helmet restricted)
rElec   .          Harm     .   (no cloak)
rCorr   .          Rampage  .   (gloves unavailable)
Will    .....                   (boots unavailable)
Stlth   +.........              (no amulet)
HPRegen 0.99/turn               (no ring)
MPRegen 0.09/turn               (no ring)

@: lethally poisoned (-2 -> -2)
A: large, unfitting armour, claws 3, regeneration 1, shaggy fur 1, tough skin 1
a: Renounce Religion


You were on level 4 of the Dungeon.
You worshipped Xom.
You were a plaything of Xom.
You visited 1 branch of the dungeon, and saw 4 of its levels.

You collected 79 gold pieces.


Innate Abilities, Weirdness & Mutations

You are too large for most types of armour.
You have claws for hands.
Your natural rate of healing is unusually fast.
You are covered in fur. (AC +1)
You have tough skin. (AC +1)


   Skills:
 - Level 2.4 Fighting
 - Level 1.4 Throwing
 - Level 1.9 Dodging
 + Level 2.3 Shields
 + Level 6.0 Unarmed Combat


You had 5 spell levels left.
You didn't know any spells.
Your spell library was empty.

Inventory:

Missiles
 c - 4 poisoned darts (quivered)
Armour
 a - a +2 robe (worn)
 f - a +2 tower shield (worn)
Jewellery
 C - a ring of protection from cold
Scrolls
 d - 3 scrolls of identify {@r1}
Potions
 b - a potion of flight

Dungeon Overview and Level Annotations

Branches:
Dungeon (4/15)
 Temple: D:4-7

Altars:
Dithmenos
Uskayaw

##....#....#....
.......
##...............
.......
#............... ......
#.?..........#.# .....
.............#.# #...
.#..........^#.# #<..
##...##..y#.#.# #...
#### ###y#.#†# ##..
######@#...# # #.)
#..........# .# ####.#
#.##...###.###.# #..)))
.......# #.#...# #.§...
###.#.####...#####.....
#.#.........†........ #
#.################# ..
#.


You could see 2 killer bees.


Message History

You feel sick. You block the killer bee's attack. The killer bee stings you.
* * * LOW HITPOINT WARNING * * *
You are more poisoned.
The killer bee poisons you!
You miss the killer bee.
The killer bee is lightly wounded.
You feel very sick. The killer bee stings you.
* * * LOW HITPOINT WARNING * * *
The killer bee stings you.
* * * LOW HITPOINT WARNING * * *
You closely miss the killer bee.
The killer bee is lightly wounded.
You feel very sick.
You block the killer bee's attack. x2; The killer bee completely misses you.
You scratch the killer bee.
The killer bee is moderately wounded.
You feel sick. The killer bee closely misses you.
The killer bee stings you but does no damage.
You closely miss the killer bee.
The killer bee is moderately wounded.
You feel sick. The killer bee stings you.
* * * LOW HITPOINT WARNING * * *
You block the killer bee's attack.
Unknown command.
You barely miss the killer bee.
The killer bee is moderately wounded.
You feel sick. The killer bee stings you.
You die...
Xom is highly amused!

Skill      XL: |  1  2  3  4  5  6 |
---------------+-------------------+-----
Unarmed Combat | 4 5 6 |  6.0
Throwing       | 1 |  1.4
Shields        | 1 2 |  2.3
Fighting       | |  2.4
Dodging        | |  1.9

Action                   |  1- 3 |  4- 6 || total
-------------------------+-------+-------++-------
Melee: Unarmed           |    88 |   120 ||   208
       Punch             |     1 |     1 ||     2
  Use: Potion            |       |     2 ||     2
       Scroll            |       |     1 ||     1
 Stab: Sleeping          |     1 |       ||     1
Armor: Robe              |    26 |    34 ||    60
Dodge: Dodged            |    37 |    27 ||    64
Block: Tower shield      |       |    74 ||    74

Levels and vault maps discovered:
D:1:      co_arrival_random_square_maze, layout_basic, minmay_box_of_dots
D:2:      layout_loops_corners, shapermc_ecumenical_altar_starsandcircs,
          nicolae_underground_beach
D:3:      layout_rooms, mainiacjoe_overflow_24_doors,
          nicolae_dithmenos_the_darkroom, minmay_door_square
D:4:      minmay_angry_zag, layout_rooms, chequers_garden,
          minmay_misc_feat_roman

Notes
Turn   | Place    | Note
-------+----------+-------------------------------------------
     0 | D:1      | demibob the Troll Chaos Knight began the quest for the Orb.
     0 | D:1      | Reached XP level 1. HP: 22/22 MP: 0/0
   130 | D:1      | XOM: silly message
   165 | D:1      | Reached XP level 2. HP: 29/29 MP: 1/1
   294 | D:1      | Reached skill level 4 in Unarmed Combat
   593 | D:1      | XOM: silly message
   638 | D:1      | XOM: silly message
   711 | D:2      | XOM: divination: magic mapping
   764 | D:2      | Reached XP level 3. HP: 36/36 MP: 2/2
   820 | D:2      | Found a faded altar of an unknown god.
   897 | D:2      | Reached skill level 1 in Throwing
  1008 | D:2      | Reached XP level 4. HP: 28/44 MP: 3/3
  1289 | D:2      | XOM: noise
  1414 | D:3      | Found a shadowy altar of Dithmenos.
  1418 | D:3      | Reached skill level 5 in Unarmed Combat
  1418 | D:3      | XOM is BORED!
  1418 | D:3      | XOM: stat loss: -2 Str (18/20)
  1627 | D:3      | XOM: divination: detect creatures
  1686 | D:3      | XOM: god gift: +2 quarterstaff of chaos
  1699 | D:3      | Reached skill level 1 in Shields
  1699 | D:3      | Reached XP level 5. HP: 50/50 MP: 4/4
  1902 | D:3      | Found a hide-covered altar of Uskayaw.
  1984 | D:4      | XOM: summons 3 friendly demons
  1996 | D:4      | Reached skill level 2 in Shields
  1996 | D:4      | Reached XP level 6. HP: 41/59 MP: 5/5
  2053 | D:4      | XOM: blink monster(s)
  2065 | D:4      | Reached skill level 6 in Unarmed Combat
  2073 | D:4      | HP: 5/59 [poisoned by a killer bee]
  2075 | D:4      | HP: 2/59 [killer bee (1)]
  2076 | D:4      | Slain by a killer bee

Vanquished Creatures
  A water moccasin zombie (D:3)
  A killer bee (D:4)
  An orc priest (D:3)
  A gnoll shaman (D:4)
  3 gnolls (D:4)
  7 adders
  An adder skeleton (D:4)
  A worm (D:2)
  5 dart slugs
  4 orcs
  2 ball pythons (D:3)
  6 bats
  5 endoplasms
  6 giant cockroaches
  3 goblins
  3 hobgoblins
  4 jackals (D:1)
  2 quokkas
  3 frilled lizards
  4 kobolds
  7 rats
70 creatures vanquished.

Table legend: (Time is in decaauts)
 A = Elapsed time spent in this place.
 B = Non-inter-level travel time spent in this place.
 C = Inter-level travel time spent in this place.
 D = Time resting spent in this place.
 E = Time spent auto-exploring this place.
 F = Levels seen in this place.
 G = Mean time per level.
                   A        B        C        D        E       F      G
               +--------+--------+--------+--------+--------+-----+--------+
         Total |   2086 |   2013 |     73 |      0 |   1561 |   4 |  521.5 |
       Dungeon |   2086 |   2013 |     73 |      0 |   1561 |   4 |  521.5 |
               +--------+--------+--------+--------+--------+-----+--------+

Top non-repeatable levels by time:
     D:2: 712 daAuts
     D:1: 692 daAuts
     D:3: 574 daAuts
     D:4: 107 daAuts

Table legend:
 A = Non-vault XP
 B = Vault XP
 C = Vault XP percentage of total XP
 D = Non-vault monster count
 E = Vault monster count
 F = Vault count percentage of total count
                 A         B        C        D         E       F
            +---------+---------+-------+---------+---------+-------
      Total |     475 |       6 |   1.2 |      68 |       2 |   2.9
            +---------+---------+-------+---------+---------+-------
        D:1 |      30 |       6 |  16.7 |      18 |       2 |  10.0
        D:2 |     103 |       0 |   0.0 |      22 |       0 |   0.0
        D:3 |     182 |       0 |   0.0 |      18 |       0 |   0.0
        D:4 |     160 |       0 |   0.0 |      10 |       0 |   0.0
            +---------+---------+-------+---------+---------+-------
